 Dungeon Crawl Stone Soup version 0.25.0-15-gac7dcb8 (webtiles) character file.

Game seed: 17546852971201925456

116 sieger the Grasshopper (level 5, 0/35 HPs)
             Began as a Halfling Warper on June 29, 2020.
             Slain by a river rat (8 damage)
             ... in a sewer.
             The game lasted 00:10:49 (2698 turns).

sieger the Grasshopper (Halfling Warper)            Turns: 2698, Time: 00:10:50

Health: 0/35       AC:  6    Str: 13    XL:     5   Next: 20%
Magic:  8/8        EV: 14    Int: 11    God:
Gold:   143        SH:  0    Dex: 14    Spells: 8/8 levels left

rFire    . . .     SeeInvis .   a - +0 spear
rCold    . . .     Gourm    .   (shield restricted)
rNeg     . . .     Faith    .   c - +0 ring mail
rPois    .         Spirit   .   l - +0 helmet
rElec    .         Reflect  .   (no cloak)
rCorr    .         Harm     .   (no gloves)
MR       .....                  (no boots)
Stlth    +.........             (no amulet)
HPRegen  0.11/turn              (no ring)
MPRegen  0.11/turn              (no ring)

@: very slow
A: small, mutation resistance 1
a: no special abilities


You were in a sewer.
You were not hungry.

You visited 1 branch of the dungeon, and saw 3 of its levels.
You also visited: Sewer.

You collected 143 gold pieces.

Inventory:

Hand Weapons
 a - a +0 spear (weapon)
Missiles
 e - 2 boomerangs of dispersal (quivered)
 g - 35 stones
Armour
 b - a +0 leather armour
 c - a +0 ring mail (worn)
 l - a +0 helmet (worn)
 u - a +0 chain mail
Scrolls
 d - a scroll of blinking
 n - a scroll of enchant armour {unknown}
 q - a scroll of noise {unknown}
Potions
 i - a potion of degeneration
 j - a potion of curing {unknown}
 o - a potion of berserk rage
 p - a potion of lignification
 s - 2 potions of invisibility {unknown}
 t - a potion of flight {unknown}
Comestibles
 f - a ration


   Skills:
 + Level 2.4 Fighting
 + Level 2.4 Polearms
 + Level 2.0 Throwing
 + Level 2.2 Armour
 + Level 3.1 Dodging
 - Level 2.0 Spellcasting
   Level 3.2 Translocations


You had 8 spell levels left.
You didn't know any spells.
Your spell library contained the following spells:

 Spells                   Type           Power        Failure   Level  Hunger
 Blink                    Tloc           N/A          24%         2    ###....
 Shroud of Golubria       Chrm/Tloc      #.....       43%         2    ###....
 Gell's Gravitas          Tloc           #.........   43%         3    ####...
 Lesser Beckoning         Tloc           #.........   43%         3    ####...
 Teleport Other           Tloc           #.......     43%         3    ####...
 Passage of Golubria      Tloc           N/A          85%         4    #####..


Dungeon Overview and Level Annotations

Branches:
Dungeon (3/15)              Sewer (1/1)

Altars:


Innate Abilities, Weirdness & Mutations

You are small and have problems with some larger weapons.
You are somewhat resistant to further mutation.


Message History

The rat barely misses you. The rat bites you but does no damage.
Your unstable footing causes you to fumble your attack.
The river rat closely misses you. The rat closely misses you.
The rat splashes around in the water.
Your unstable footing causes you to fumble your attack.
The river rat misses you. The rat bites you.
* * * LOW HITPOINT WARNING * * *
The rat splashes around in the water.
You hit the rat but do no damage.
The river rat bites you but does no damage.
The rat bites you but does no damage. The rat barely misses you.
You hit the rat.
You kill the rat!
The river rat misses you. The rat barely misses you.
The river rat barely misses you.
The rat splashes around in the water.
The river rat barely misses you.
You see here a rat corpse.
The rat barely misses you. The rat bites you but does no damage.
The river rat bites you!
You die...

#≈≈≈≈≈≈# #≈≈≈≈
#≈≈≈≈≈≈# #≈≈≈≈
#≈≈≈≈≈≈# #≈≈≈≈
#≈≈#r≈≈# #≈≈≈≈
#≈≈≈≈≈≈# #≈≈#≈
#≈≈≈≈≈≈# #≈≈≈÷
#.≈≈≈≈≈# #≈≈≈÷
#≈≈≈≈≈≈# #≈.≈#
#@≈≈≈≈≈# #≈≈≈≈
#rr≈≈≈≈# #≈≈≈≈
#≈≈≈≈≈≈# #≈≈≈≈
#≈≈≈≈≈≈# #≈≈≈≈
#≈≈≈≈≈≈# #≈≈≈≈
#.≈....# #...≈
#......## ##....
##......##
##.....
#.......###......


You could see a river rat and 2 rats.

Vanquished Creatures
  A gnoll (D:2)
  5 adders
  4 worms
  2 dart slugs
  3 bats
  4 giant cockroaches
  6 goblins
  4 hobgoblins
  A quokka (D:2)
  A ball python (D:1)
  3 frilled lizards
  5 kobolds
  15 rats
54 creatures vanquished.

Notes
Turn   | Place    | Note
-------+----------+-------------------------------------------
     0 | D:1      | sieger the Halfling Warper began the quest for the Orb.
     0 | D:1      | Reached XP level 1. HP: 14/14 MP: 3/3
   196 | D:1      | Reached XP level 2. HP: 17/19 MP: 4/4
   697 | D:2      | Reached XP level 3. HP: 18/24 MP: 5/5
  1044 | D:2      | HP: 1/24 [worm (7)]
  1461 | D:2      | Reached XP level 4. HP: 29/29 MP: 6/6
  2058 | D:3      | Found a glowing drain.
  2204 | Sewer    | Entered a sewer
  2293 | Sewer    | Reached XP level 5. HP: 18/35 MP: 8/8
  2698 | Sewer    | Slain by a river rat

Illustrated notes

Levels and vault maps discovered:
D:1:      elethiomel_arrival_infinity_welcomes_careful_drivers, layout_rooms,
          minmay_misc_feat_four_crosses
D:2:      layout_loops_ring, wander_ebering_terrifying_dragon_lair
D:3:      layout_loops_cross, cheibrodos_sewer_entry_bend,
          kennysheep_generic_room_4
Sewer:    sewer_minmay_w

Skill      XL: |  1  2  3  4 |
---------------+-------------+-----
Polearms       | 2 |  2.4
Fighting       | 2 |  2.4
Spellcasting   | 2 |  2.0
Armour         | 2 |  2.2
Dodging        | 3 |  3.1
Throwing       | 2 |  2.0
Translocations | |  3.2

Action                   |  1- 3 |  4- 6 || total
-------------------------+-------+-------++-------
Melee: Spear             |   139 |   116 ||   255
Throw: Stone             |     8 |    17 ||    25
       Boomerang         |       |     3 ||     3
  Use: Scroll            |       |     6 ||     6
       Potion            |       |     1 ||     1
 Stab: Distracted        |     1 |       ||     1
  Eat: Chunk             |     2 |     3 ||     5
       Ration            |       |     1 ||     1
Armor: Ring mail         |    31 |    33 ||    64
Dodge: Dodged            |    67 |    88 ||   155
